 Dungeon Crawl Stone Soup version 0.28-a0-445-g51f8dfeb47 (webtiles) character file.

Game seed: 8593949421747522911

123 djcjnce the Digger (level 5, -1/28 HPs)
             Began as a Gargoyle Earth Elementalist on Sept 12, 2021.
             Slain by Crazy Yiuf (8 damage)
             ... on level 2 of the Dungeon.
             The game lasted 00:04:12 (2661 turns).

djcjnce the Digger (Gargoyle Earth Elementalist)    Turns: 2661, Time: 00:04:12

Health: -1/28      AC:  6    Str: 12    XL:     5   Next: 7%
Magic:  6/9        EV: 11    Int: 16    God:
Gold:   144        SH:  0    Dex: 10    Spells: 6/10 levels left

rFire   . . .      SeeInvis .   e - +0 falchion
rCold   . . .      Faith    .   (no shield)
rNeg    + . .      Spirit   .   b - +0 robe
rPois   ∞          Reflect  .   (no helmet)
rElec   +          Harm     .   (no cloak)
rCorr   .          Rampage  .   (no gloves)
Will    .....                   (no boots)
Stlth   ++........              (no amulet)
HPRegen 0.09/turn               (no ring)
MPRegen 0.11/turn               (no ring)

@: no status effects
A: sickness immunity, AC +4, negative energy resistance 1, electricity
resistance, torment resistance 1, petrification resistance
a: no special abilities


You were on level 2 of the Dungeon.
You visited 1 branch of the dungeon, and saw 2 of its levels.

You collected 144 gold pieces.

Inventory:

Hand Weapons
 a - a +0 spear
 d - a +0 short sword
 e - a +0 falchion (weapon)
Missiles
 c - 57 stones
Armour
 b - a +0 robe (worn)
Potions
 f - a potion of might
 g - a potion of flight {unknown}


   Skills:
 - Level 1.5 Dodging
 - Level 2.1 Stealth
 + Level 3.2 Spellcasting
 + Level 2.1 Conjurations
 - Level 0.7 Transmutations
 + Level 5.0 Earth Magic


You had 6 spell levels left.
You knew the following spells:

 Your Spells              Type           Power      Damage    Failure   Level
a - Sandblast             Erth           36%        2d10      2%          1
b - Stone Arrow           Conj/Erth      28%        3d8       12%         3

Your spell library contained the following spells:

 Spells                   Type           Power      Damage    Failure   Level
 Passwall                 Tmut/Erth      9%         N/A       9%          2
 Petrify                  Tmut/Erth      11%        N/A       50%         4


Dungeon Overview and Level Annotations

Branches:
Dungeon (2/15)

Altars:

Annotations:
D:2 Crazy Yiuf


Innate Abilities, Weirdness & Mutations

You are immune to sickness and miasma.
Your stone body is resilient. (AC +4)
You are immune to poison.
You resist negative energy. (rN+)
You are resistant to electric shocks. (rElec)
You are resistant to unholy torment.
You are immune to petrification.


Message History

a +0 dagger; a goblin corpse
Found a mace.
Found a runed translucent door.
Crazy Yiuf shouts!
Unknown command.
Unknown command.
Unknown command.
You open the door.
Unknown command.
Unknown command.
Unknown command.
Unknown command.
Unknown command.
Casting: Sandblast (safe; 2% risk of failure)
Confirm with . or Enter, or press ? or * to list all spells.
Aiming: Sandblast (safe; 2% risk of failure)
Press: ? - help, Shift-Dir - straight line, f - Crazy Yiuf
Aim: Crazy Yiuf, wielding a +2 quarterstaff of chaos and wearing a +0 cloak (82% to hit)
The blast of sand hits Crazy Yiuf!
Crazy Yiuf is moderately wounded.
Crazy Yiuf hits you with a +2 quarterstaff of chaos!
Ouch! That really hurt!
Crazy Yiuf burns you.
Casting: Sandblast (safe; 2% risk of failure)
Confirm with . or Enter, or press ? or * to list all spells.
Aiming: Sandblast (safe; 2% risk of failure)
Press: ? - help, Shift-Dir - straight line, f/p - Crazy Yiuf
Aim: Crazy Yiuf, wielding a +2 quarterstaff of chaos and wearing a +0 cloak (moderately wounded, 82% to hit)
The blast of sand hits Crazy Yiuf.
Crazy Yiuf is heavily wounded.
Crazy Yiuf hits you with a +2 quarterstaff of chaos.
* * * LOW HITPOINT WARNING * * *
Casting: Sandblast (safe; 2% risk of failure)
Confirm with . or Enter, or press ? or * to list all spells.
Aiming: Sandblast (safe; 2% risk of failure)
Press: ? - help, Shift-Dir - straight line, f/p - Crazy Yiuf
Aim: Crazy Yiuf, wielding a +2 quarterstaff of chaos and wearing a +0 cloak (heavily wounded, 82% to hit)
The blast of sand hits Crazy Yiuf.
Crazy Yiuf is almost dead.
Crazy Yiuf hits you with a +2 quarterstaff of chaos!
You die...

#..#.#
#....#
#.#.#.#
#..#.#
#....#
#.#.#.#
#..#.#
♣....♣
#.#.#.####
#..#.#
♣♣...♣
#.#.#.#.).
#....# ♣♣.♣♣
#.#.#.#.##
#.#..# ♣♣.♣
#.#.#'#.#
#.#..# ♣.♣♣
#.#.÷...#
#.#..# ♣♣.♣
#.'.....#
#######.#..#
♣@♣♣
###.....#
.....)..#.>#
#g# #.....#
############
... #.....#
#...#
#.....##
#)..#
#.......
#####
###.#.##
#.####
#.....
######


You could see Crazy Yiuf.

Vanquished Creatures
  Natasha (thrice) (D:2)
  3 dart slugs
  A ball python (D:1)
  5 bats
  4 endoplasms
  2 giant cockroaches (D:1)
  4 goblins
  A hobgoblin (D:1)
  6 jackals (D:2)
  2 kobolds (D:1)
  4 quokkas
  2 frilled lizards (D:1)
  4 rats (D:1)
41 creatures vanquished.

Notes
Turn   | Place    | Note
-------+----------+-------------------------------------------
     0 | D:1      | djcjnce the Gargoyle Earth Elementalist began the quest for
                  | the Orb.
     0 | D:1      | Reached XP level 1. HP: 10/10 MP: 3/3
   171 | D:1      | Reached XP level 2. HP: 7/15 MP: 1/5
   172 | D:1      | Reached skill level 4 in Earth Magic
  1193 | D:1      | Reached XP level 3. HP: 18/19 MP: 6/6
  1197 | D:1      | Learned a level 3 spell: Stone Arrow
  1678 | D:2      | Found a faded altar of an unknown god.
  1680 | D:2      | Noticed Natasha
  1686 | D:2      | Killed Natasha
  1687 | D:2      | Reached skill level 1 in Conjurations
  1687 | D:2      | Reached XP level 4. HP: 24/24 MP: 3/8
  1917 | D:2      | Noticed Natasha
  1927 | D:2      | Killed Natasha
  2392 | D:2      | Noticed Natasha
  2402 | D:2      | Killed Natasha
  2403 | D:2      | Reached skill level 5 in Earth Magic
  2403 | D:2      | Reached XP level 5. HP: 20/28 MP: 5/9
  2654 | D:2      | Found a runed translucent door.
  2655 | D:2      | Noticed Crazy Yiuf
  2661 | D:2      | Slain by Crazy Yiuf

Illustrated notes

Levels and vault maps discovered:
D:1:      heliophobic_arrival_battle_scene, layout_loops_corners
D:2:      layout_basic, basic_ecumenical_altar, uniq_natasha,
          uniq_crazy_yiuf_cottage

Skill      XL: |  1  2  3  4 |
---------------+-------------+-----
Earth Magic    | 4 5 |  5.0
Conjurations   | 1 2 |  2.1
Spellcasting   | 3 |  3.2
Dodging        | |  1.5
Stealth        | |  2.1
Transmutations | |  0.7

Action                   |  1- 3 |  4- 6 || total
-------------------------+-------+-------++-------
Melee: Unarmed           |     8 |       ||     8
       Spear             |     6 |       ||     6
       Falchion          |    65 |    51 ||   116
       Short sword       |     1 |       ||     1
 Cast: Sandblast         |    12 |     7 ||    19
  Use: Scroll            |     2 |     2 ||     4
 Stab: Sleeping          |     5 |     1 ||     6
Armor: Robe              |    31 |    40 ||    71
Dodge: Dodged            |    53 |    60 ||   113

Table legend: (Time is in decaauts)
 A = Elapsed time spent in this place.
 B = Non-inter-level travel time spent in this place.
 C = Inter-level travel time spent in this place.
 D = Time resting spent in this place.
 E = Time spent auto-exploring this place.
 F = Levels seen in this place.
 G = Mean time per level.
                   A        B        C        D        E       F      G
               +--------+--------+--------+--------+--------+-----+--------+
         Total |   2704 |   2701 |      3 |     12 |   2299 |   2 | 1352.0 |
       Dungeon |   2704 |   2701 |      3 |     12 |   2299 |   2 | 1352.0 |
               +--------+--------+--------+--------+--------+-----+--------+

Top non-repeatable levels by time:
     D:1: 1499 daAuts
     D:2: 1204 daAuts
